 Dungeon Crawl Stone Soup version 0.24-a0-417-g1cce26a4d2 (webtiles) character file.

Game seed: 520293686782720337

55 Avack the Sneak (level 3, -2/17 HPs)
             Began as a Felid Chaos Knight on June 10, 2019.
             Was a Plaything of Xom.
             Slain by a hell hog (3 damage)
             ... on level 1 of the Abyss.
             The game lasted 00:06:22 (1438 turns).

Avack the Sneak (Felid Chaos Knight)                Turns: 1438, Time: 00:06:22

Health: -2/17      AC: -2    Str:  8    XL:     3   Next: 67%
Magic:  3/3        EV: 19    Int: 15    God:    Xom [*.....]
Gold:   131        SH:  0    Dex: 18    Spells: 2/2 levels left
                                        Lives:  0   Deaths: 1

rFire    . . .     SeeInvis +     - Unarmed
rCold    . . .     Gourm    .   (shield unavailable)
rNeg     . . .     Faith    .   (armour unavailable)
rPois    .         Spirit   .   (helmet unavailable)
rElec    .         Reflect  .   (cloak unavailable)
rCorr    .         Harm     .   (gloves unavailable)
MR       .....                  (boots unavailable)
Stlth    +++.......             (no amulet)
HPRegen  0.05/turn              d - -3 ring of protection (curse)
MPRegen  0.08/turn              (no ring)

@: quick
A: very small, no armour, no weapons or thrown items, stealth, claws 1, fangs 3,
see invisible, agile 1, carnivore, clever 1, speed 1, low mp 1, mutation
resistance 1, shaggy fur 1, slow metabolism 1, sharp paws
a: Renounce Religion


You were on level 1 of the Abyss.
You worshipped Xom.
You were a special plaything of Xom.
You were not hungry.

You visited 1 branch of the dungeon, and saw 2 of its levels.
You visited the Abyss 1 time.

You collected 131 gold pieces.

Inventory:

Jewellery
 d - a cursed -3 ring of protection (left paw)
Comestibles
 a - 4 rations


   Skills:
 - Level 3.0 Fighting
 - Level 3.2 Dodging
 + Level 4.4 Stealth
 + Level 4.4 Unarmed Combat


You had 2 spell levels left.
You didn't know any spells.
Your spell library contained the following spells:

 Spells                   Type           Power        Failure   Level  Hunger
 Ice Form                 Ice/Tmut       #.......     95%         4    #####..
 Metabolic Englaciation   Hex/Ice        #.........   100%        5    ######.
 Bolt of Cold             Conj/Ice       #.........   100%        6    #######
 Freezing Cloud           Conj/Ice/Air   #.........   100%        6    #######
 Ozocubu's Refrigeration  Ice            #.........   100%        6    #######
 Simulacrum               Ice/Necr       #.........   100%        6    #######


Dungeon Overview and Level Annotations

Branches:
Dungeon (2/15)

Altars:
Xom


Innate Abilities, Weirdness & Mutations

You cannot wear armour.
You are incapable of wielding weapons or throwing items.
Your paws allow you to move quietly. (Stealth)
You have sharp claws.
You have razor-sharp teeth.
You have supernaturally acute eyesight. (SInv)
You are carnivorous and can eat meat at any time.
You cover ground quickly.
You are covered in fur. (AC +1)
You have a slow metabolism.
Your sharp claws are effective at attacking unaware monsters.
You are agile. (Dex +2)
Your mind is acute. (Int +2)
Your magical capacity is low. (-10% MP)
You are somewhat resistant to further mutation.


Message History

* * * LOW HITPOINT WARNING * * *
You are shoved backwards!
A hell hog comes into view.
You hear a roar!
Found a gateway leading deeper into the Abyss.
You bump into the stone wall.
The thrashing horror misses you.
The thrashing horror closely misses you.
The thrashing horror roars!
The thrashing horror completely misses you. x2
You're too confused to move!
You feel less invigorated.
You feel less confused. The thrashing horror tramples you!
Ouch! That really hurt!
* * * LOW HITPOINT WARNING * * *
Xom roars with laughter!
You hold your ground!
The thrashing horror closely misses you.
The hell hog bites you.
You die...
Xom giggles madly!

.. .#> . #.# ##h. #
.#..# .....##. ..#...#.
.h.#... .§.#..x# #....#
#..#.#.##.#.#
#..#.#xh..# #...Xhh#..#
# #..#@.....#
#.#..#..#.#.##
≈≈X...##..#.....## ≈≈≈
...#..#.##..## ##
≈≈≈≈≈≈...##..#.##..###..
≈ ≈≈
#.#.####....#.##......#
≈≈# ≈ #.#.. ##..#.....
.#..## ≈ ≈.≈.. . .#
..###.##...##.. . # ≈ #
#....## .#. ...#.. ##


You could see 3 hell hogs, a thrashing horror and a small abomination.

Vanquished Creatures
  A wolf (D:1)
  An ooze (D:2)
  A leopard gecko (D:1)
  A giant cockroach (D:1)
  3 goblins (D:1)
  2 hobgoblins (D:1)
  8 jackals (D:1)
  A ball python (D:1)
  A bat (D:1)
  2 frilled lizards
  2 kobolds (D:1)
  A rat (D:1)
24 creatures vanquished.

Notes
Turn   | Place    | Note
-------+----------+-------------------------------------------
     0 | D:1      | Avack the Felid Chaos Knight began the quest for the Orb.
     0 | D:1      | Reached XP level 1. HP: 10/10 MP: 2/2
   144 | D:1      | XOM: potion effect (might)
   172 | D:1      | Reached skill level 1 in Stealth
   345 | D:1      | Reached XP level 2. HP: 9/14 MP: 3/3
   442 | D:1      | XOM: scenery: create altars
   527 | D:1      | XOM: god gift: knobbly glowing staff {god gift}
   536 | D:1      | XOM: give mutations
   536 | D:1      | Gained mutation: You are somewhat resistant to further
                  | mutation. [Xom's grace]
   536 | D:1      | Gained mutation: You have a pair of small horns on your
                  | head. [Xom's grace]
   536 | D:1      | Gained mutation: Your mind is acute. (Int +2) [Xom's grace]
   536 | D:1      | Gained mutation: You are robust. (+10% HP) [Xom's grace]
   673 | D:1      | XOM: scenery: create altars
   718 | D:1      | XOM: scenery: create altars
   872 | D:1      | Noticed a wolf
   872 | D:1      | a goblin changed into a wolf
   872 | D:1      | XOM: polymorph goblin -> wolf
   876 | D:1      | XOM: god gift: 31 gold pieces
   880 | D:1      | Killed a wolf
   880 | D:1      | Reached XP level 3. HP: 18/18 MP: 4/4
   880 | D:1      | Reached XP level 4. HP: 23/23 MP: 5/5
   910 | D:1      | XOM: give mutation
   910 | D:1      | Gained mutation: You are agile. (Dex +2) [Xom's grace]
  1146 | D:2      | XOM: medium Tloc miscast
  1146 | D:2      | Cast into level 1 of the Abyss (the capriciousness of Xom)
  1194 | Abyss:1  | Noticed a starcursed mass
  1202 | Abyss:1  | XOM: give mutations
  1202 | Abyss:1  | Lost mutation: You are robust. (+10% HP) [Xom's mischief]
  1202 | Abyss:1  | Lost mutation: You have a pair of small horns on your head.
                  | [Xom's mischief]
  1202 | Abyss:1  | Gained mutation: Your magical capacity is low. (-10% MP)
                  | [Xom's mischief]
  1231 | Abyss:1  | Noticed a sixfirhy
  1289 | Abyss:1  | Noticed a thrashing horror
  1290 | Abyss:1  | Noticed a flying skull
  1290 | Abyss:1  | XOM: fog
  1294 | Abyss:1  | XOM: fog
  1298 | Abyss:1  | XOM: summons 4 friendly demons
  1298 | Abyss:1  | Slain by a thrashing horror
  1299 | Abyss:1  | Reached XP level 3. HP: -3/17 MP: 3/3
  1312 | Abyss:1  | Noticed a sixfirhy
  1352 | Abyss:1  | Noticed a small abomination
  1352 | Abyss:1  | XOM: noise
  1411 | Abyss:1  | Noticed a thrashing horror
  1431 | Abyss:1  | Noticed a small abomination
  1432 | Abyss:1  | Noticed a hell hog
  1432 | Abyss:1  | Noticed a hell hog
  1433 | Abyss:1  | Noticed a hell hog
  1434 | Abyss:1  | Noticed a hell hog
  1438 | Abyss:1  | Slain by a hell hog

Levels and vault maps discovered:
D:1:      dpeg_arrival_rooms_with_view, layout_loops_cross
D:2:      layout_loops_cross, first_ration, hangedman_feature_mirror,
          corexii_corridor_pit, nicolae_ashenzari_panopticon, uniq_sigmund
Abyss:1:  evilmike_abyss_exit_10

Skill      XL: |  1  2 |
---------------+-------+-----
Stealth        | 1 4 |  4.4
Unarmed Combat | 4 |  4.4
Fighting       | |  3.0
Dodging        | |  3.2

Action                   |  1- 3 |  4- 6 || total
-------------------------+-------+-------++-------
Melee: Unarmed           |    65 |     6 ||    71
       Bite              |     4 |       ||     4
       Headbutt          |     3 |       ||     3
  Use: Potion            |     2 |     1 ||     3
       Scroll            |       |     5 ||     5
 Stab: Sleeping          |     1 |     1 ||     2
  Eat: Chunk             |     7 |       ||     7
Armor: Skin              |     6 |       ||     6
Dodge: Dodged            |    53 |     6 ||    59

Table legend:
 A = Non-vault XP
 B = Vault XP
 C = Vault XP percentage of total XP
 D = Non-vault monster count
 E = Vault monster count
 F = Vault count percentage of total count
                 A         B        C        D         E       F
            +---------+---------+-------+---------+---------+-------
      Total |      44 |     121 |  73.3 |      22 |       2 |   8.3
            +---------+---------+-------+---------+---------+-------
        D:1 |      36 |     121 |  77.1 |      20 |       2 |   9.1
        D:2 |       8 |       0 |   0.0 |       2 |       0 |   0.0
            +---------+---------+-------+---------+---------+-------
